 Dungeon Crawl Stone Soup version 0.30-a0-462-gd5975efbca (webtiles) character file.

Game seed: 12797245063207215779

149 cforsyth the Shield-Bearer (level 5, -1/53 HPs)
             Began as a Troll Fighter on Dec 16, 2022.
             Slain by a gnoll
             ... wielding a +0 halberd
              (11 damage)
             ... on level 3 of the Dungeon.
             The game lasted 00:01:54 (1770 turns).

cforsyth the Shield-Bearer (Troll Fighter)          Turns: 1770, Time: 00:01:54

Health: -1/53      AC:  4    Str: 24    XL:     5   Next: 9%
Magic:  4/4        EV:  9    Int:  6    God:
Gold:   167        SH:  7    Dex:  9    Spells: 4/4 levels left

rFire   . . .      SeeInvis .      - Unarmed
rCold   . . .      Faith    .    b - +0 kite shield
rNeg    . . .      Spirit   .    a - +0 robe
rPois   .          Reflect  .    (helmet restricted)
rElec   .          Harm     .    (no cloak)
rCorr   .          Rampage  .    (gloves unavailable)
Will    .....                    (boots unavailable)
Stlth   +.........               (no amulet)
HPRegen 1.08/turn                (no ring)
MPRegen 0.09/turn                (no ring)

@: no status effects
A: large, unfitting armour, claws 3, regeneration 1, shaggy fur 1, tough skin 1
a: no special abilities


You were on level 3 of the Dungeon.
You visited 1 branch of the dungeon, and saw 3 of its levels.

You collected 167 gold pieces.

Inventory:

Armour
 a - a +0 robe (worn)
 b - a +0 kite shield (worn)
Wands
 q - a wand of charming (14)
Scrolls
 d - a scroll of immolation {unknown}
 f - 3 scrolls of amnesia {unknown}
 h - 2 scrolls of teleportation {unknown}
 l - a scroll of acquirement {unknown}
 m - 3 scrolls of identify {unknown}
 n - a scroll of fear {unknown}
 o - 2 scrolls of magic mapping {unknown}
 s - a scroll of poison {unknown}
Potions
 c - a potion of might
 e - a potion of curing {unknown}
 g - a potion of mutation {unknown}
 i - 2 potions of heal wounds {unknown}
 j - 3 potions of ambrosia {unknown}
 k - 2 potions of haste {unknown}
 p - a potion of attraction {unknown}
 r - a potion of brilliance {unknown}
 t - a potion of lignification {unknown}


   Skills:
 + Level 3.2 Fighting
 + Level 3.1 Dodging
 + Level 3.5 Shields
 + Level 3.1 Unarmed Combat


You had 4 spell levels left.
You didn't know any spells.
Your spell library contained the following spells:

 Spells                   Type           Power      Damage    Failure   Level
 Summon Small Mammal      Summ           0%         N/A       75%         1
 Call Canine Familiar     Summ           0%         N/A       98%         3
 Gell's Gravitas          Tloc           0%         N/A       98%         3
 Lesser Beckoning         Tloc           0%         N/A       98%         3
 Summon Guardian Golem    Hex/Summ       0%         N/A       98%         3
 Teleport Other           Tloc           0%         N/A       98%         3


Dungeon Overview and Level Annotations

Branches:
Dungeon (3/15)

Altars:
Dithmenos
Xom


Innate Abilities, Weirdness & Mutations

You are too large for most types of armour.
You have claws for hands.
Your natural rate of healing is unusually fast.
You are covered in fur. (AC +1)
You have tough skin. (AC +1)


Message History

The gnoll barely misses you. x2; You block the gnoll's attack.
You claw the gnoll!
The gnoll is heavily wounded.
You block the gnoll's attack.
The gnoll hits you from afar with a +0 spear.
You barely miss the gnoll.
The gnoll is heavily wounded.
You block the gnoll's attack.
The gnoll hits you from afar with a +0 spear.
You claw the gnoll!
You kill the gnoll!
You block the gnoll's attack. The gnoll hits you but does no damage.
The gnoll hits you from afar with a +0 halberd.
You see here a +0 club.
You barely miss the gnoll. The gnoll hits you with a +0 spear.
The gnoll barely misses you.
You scratch the gnoll but do no damage. The gnoll hits you with a +0 spear!
The gnoll barely misses you.
You scratch the gnoll but do no damage. The gnoll hits you with a +0 spear.
You block the gnoll's attack.
You scratch the gnoll.
The gnoll is lightly wounded.
The quokka twitches its whiskers.
The gnoll closely misses you. x2
You scratch the gnoll.
The gnoll is severely wounded.
The gnoll hits you with a +0 spear!
The gnoll hits you from afar with a +0 halberd!
* * * LOW HITPOINT WARNING * * *
You closely miss the gnoll.
The gnoll is severely wounded.
The gnoll hits you but does no damage.
The gnoll hits you from afar with a +0 halberd.
* * * LOW HITPOINT WARNING * * *
You claw the gnoll!
You kill the gnoll!
You block the gnoll's attack.
The gnoll hits you from afar with a +0 halberd!
You die...

##..§###### #.# #.## .....§§....
#.# #.## .#...§§§##. #.#####.##
###.#§§§##.## #.#.......
............# #.#.###†..
###.##...#..# #.# #### #.#
####..# #.# ##
#.######..############.# #.
###..........rg)@........# #.
.....#####)###############.#####)
....## #. #....... .#### #g
#######. .# #. #.. .# #g ### #.#
.# #. ..# #.# .# #. #.# #.# .##
#.# #.#


You could see a gnoll and a quokka.

Vanquished Creatures
  3 gnolls (D:3)
  9 adders
  3 worms
  An orc (D:3)
  5 ball pythons
  3 endoplasms
  4 hobgoblins
  5 kobolds
  3 quokkas
  A bat (D:1)
  A frilled lizard (D:2)
  2 goblins
  5 rats
45 creatures vanquished.

Notes
Turn   | Place    | Note
-------+----------+-------------------------------------------
     0 | D:1      | cforsyth the Troll Fighter began the quest for the Orb.
     0 | D:1      | Reached XP level 1. HP: 22/22 MP: 0/0
   665 | D:2      | Reached XP level 2. HP: 28/29 MP: 1/1
  1049 | D:2      | Found a faded altar of an unknown god.
  1070 | D:2      | Reached XP level 3. HP: 36/36 MP: 2/2
  1196 | D:2      | Found a shimmering altar of Xom.
  1466 | D:3      | Reached XP level 4. HP: 44/44 MP: 3/3
  1520 | D:3      | Found a shadowy altar of Dithmenos.
  1751 | D:3      | Reached XP level 5. HP: 51/53 MP: 4/4
  1770 | D:3      | Slain by a gnoll

Illustrated notes

Levels and vault maps discovered:
D:1:      dpeg_arrival_tiny_a, layout_basic, roderic_lattice_a
D:2:      layout_loops_cross, basic_altar, hellmonk_ecumenical_altar_lost_god
D:3:      layout_loops_ring, grunt_dithmenos_smoke, minmay_snake_closets

Skill      XL: |  1  2  3  4 |
---------------+-------------+-----
Shields        | 3 |  3.5
Fighting       | 3 |  3.2
Dodging        | 3 |  3.1
Unarmed Combat | 3 |  3.1

Action                   |  1- 3 |  4- 6 || total
-------------------------+-------+-------++-------
Melee: Unarmed           |   107 |    49 ||   156
 Stab: Sleeping          |     1 |       ||     1
Armor: Robe              |    31 |    13 ||    44
Dodge: Dodged            |    29 |    14 ||    43
Block: Kite shield       |    27 |    20 ||    47

Table legend: (Time is in decaauts)
 A = Elapsed time spent in this place.
 B = Non-inter-level travel time spent in this place.
 C = Inter-level travel time spent in this place.
 D = Time resting spent in this place.
 E = Time spent auto-exploring this place.
 F = Levels seen in this place.
 G = Mean time per level.
                   A        B        C        D        E       F      G
               +--------+--------+--------+--------+--------+-----+--------+
         Total |   1783 |   1734 |     49 |      0 |   1392 |   3 |  594.3 |
       Dungeon |   1783 |   1734 |     49 |      0 |   1392 |   3 |  594.3 |
               +--------+--------+--------+--------+--------+-----+--------+

Top non-repeatable levels by time:
     D:2: 704 daAuts
     D:1: 619 daAuts
     D:3: 458 daAuts
